 Dungeon Crawl Stone Soup version 0.28-a0-464-g0687ed57fd (webtiles) character file.

Game seed: 3583028670749751405

2452 Aggronaut the Cleaver (level 9, -1/108 HPs)
             Began as a Minotaur Berserker on Sept 14, 2021.
             Was a Priest of Trog.
             Slain by a gnoll (12 damage)
             ... on level 7 of the Dungeon.
             The game lasted 00:12:03 (6553 turns).

Aggronaut the Cleaver (Minotaur Berserker)          Turns: 6553, Time: 00:12:03

Health: -1/108     AC: 24    Str: 22    XL:     9   Next: 25%
Magic:  8/8        EV:  2    Int:  4    God:    Trog [***...]
Gold:   236        SH:  0    Dex: 13    Spells: 8/8 levels left

rFire   . . .      SeeInvis .   s - +0 war axe (venom)
rCold   . . .      Faith    .   (no shield)
rNeg    + + +      Spirit   .   (armour currently unavailable)
rPois   +          Reflect  .   (helmet currently unavailable)
rElec   .          Harm     .   (cloak currently unavailable)
rCorr   .          Rampage  .   (gloves currently unavailable)
Will    ++...      NoTele   +   (boots currently unavailable)
Stlth   ++........              (no amulet)
HPRegen 1.28/turn               (no ring)
MPRegen 0.11/turn               (no ring)

@: tree-form, strong-willed, on berserk cooldown, regenerating, slowed, very
slow
A: stationary, stasis, torment immunity, boosted hp, (horns 2), (retaliatory
headbutt)
a: Renounce Religion, Berserk, Trog's Hand


You were on level 7 of the Dungeon.
You worshipped Trog.
Trog was most pleased with you.
You were a tree.
You visited 1 branch of the dungeon, and saw 8 of its levels.

You collected 425 gold pieces.
You spent 189 gold pieces at shops.

Inventory:

Hand Weapons
 a - a +0 hand axe
 s - a +0 war axe of venom (weapon)
Armour
 j - a scarf of invisibility (melded)
 t - a +4 plate armour (melded)
Jewellery
 f - a ring of flight
 u - a +6 ring of dexterity
Wands
 e - a wand of iceblast (9)
 w - a wand of flame (29)
Scrolls
 c - 6 scrolls of teleportation {unknown}
 d - 4 scrolls of immolation {unknown}
 h - a scroll of identify
 k - 2 scrolls of fear {unknown}
 m - a scroll of fog {unknown}
 n - a scroll of vulnerability {unknown}
 q - 2 scrolls of noise {unknown}
 r - a scroll of enchant armour
 v - a scroll of amnesia {unknown}
Potions
 b - 4 potions of curing
 g - 4 potions of might
 i - a potion of cancellation
 l - a potion of flight
 o - a potion of resistance


   Skills:
 - Level 4.5 Fighting
 + Level 14.0 Axes
 - Level 3.1 Armour
 - Level 3.1 Dodging
 - Level 0.8 Stealth


You had 8 spell levels left.
You didn't know any spells.
Your spell library contained the following spells:

 Spells                   Type           Power      Damage    Failure   Level
 Beastly Appendage        Tmut           0%         N/A       50%         1
 Slow                     Hex            0%         N/A       65%         2
 Sublimation of Blood     Necr           0%         N/A       65%         2
 Wereblood                Tmut           0%         N/A       65%         2
 Confusing Touch          Hex            0%         N/A       86%         3
 Inner Flame              Hex/Fire       0%         N/A       86%         3
 Spider Form              Tmut/Pois      0%         N/A       86%         3
 Vampiric Draining        Necr           0%         2d6       86%         3
 Cause Fear               Hex            0%         N/A       99%         4
 Summon Hydra             Summ           0%         N/A       100%        7
 Discord                  Hex            0%         N/A       100%        8


Dungeon Overview and Level Annotations

Branches:
Dungeon (8/15)             Temple (0/1) D:5
   Lair: D:8-11

Altars:
Fedhas
Okawaru
Ru
Trog
Zin

Shops:
D:3 [[*[


Innate Abilities, Weirdness & Mutations

You are a tree.
Your roots penetrate the ground, keeping you stationary.
You cannot be teleported.
You are immune to unholy pain and torment.
Your maximum health is greatly increased.
Your equipment is partially melded.
((You have a pair of horns on your head.))
((You reflexively headbutt those who attack you in melee.))


Message History

You feel yourself moving faster!
You feel mighty!
The gnoll shaman hits you but does no damage.
The gnoll barely misses you. The gnoll hits you but does no damage.
You closely miss the gnoll shaman.
The gnoll shaman is almost dead.
The gnoll shaman hits you with a +0 whip.
* * * LOW HITPOINT WARNING * * *
The gnoll hits you but does no damage. x2
You slice the gnoll shaman!!
You kill the gnoll shaman!
Trog accepts your kill.
You cannot move.
You cannot move.
You cannot move.
You cannot move.
You cannot move.
There are monsters nearby!
There are monsters nearby!
There are monsters nearby!
There are monsters nearby!
The gnoll hits you but does no damage. x2
You feel a strong urge to attack something.
The gnoll hits you but does no damage.
The gnoll hits you from afar with a +0 spear.
* * * LOW HITPOINT WARNING * * *
You feel your anger nearly subside.
The gnoll hits you from afar with a +0 halberd.
* * * LOW HITPOINT WARNING * * *
The gnoll hits you but does no damage.
You are no longer berserk.
You are exhausted.
You feel yourself slow down.
The gnoll hits you but does no damage. x4
The gnoll hits you but does no damage. x2
The gnoll hits you from afar with a +0 halberd.
* * * LOW HITPOINT WARNING * * *
The gnoll hits you from afar with a +0 spear.
* * * LOW HITPOINT WARNING * * *
The gnoll hits you from afar with a +0 halberd!
You die...

...# .. .....# ..##
..#######.....#
..####+#...........$..#
...#...#..............#
...#...+..............#
...#...#..............#
..####.#..?....g......#
..####.#######g)..#
.............#..♣.#
.............+....#
##########'###....##########
...#######..#####..........#
...#...#.....'..#..........#
...#...#.....#..#.....>....#
...#.###.##.##.##..........####
#+##.###.##.######+#######[...#
#.........#....#......(..#....#


You could see 2 gnolls.

Vanquished Creatures
  Maggie (D:8)
  The ghost of Heedrag the Magician, a novice DEFE (D:3)
  The ghost of Gargoyl the Skirmisher, an amateur GnAK of Lugonu (D:3)
  3 ogres
  An ice beast (D:5)
  The ghost of Heedrag the Skirmisher, an amateur MiFi (D:3)
  A centaur (D:7)
  2 phantoms
  2 bullfrogs
  2 gnoll sergeants
  4 scorpions
  A centaur zombie (D:7)
  2 gnoll shamans
  A bullfrog skeleton (D:5)
  3 hounds
  An iguana (D:4)
  An orc wizard (D:5)
  A hound skeleton (D:4)
  A howler monkey zombie (D:7)
  Robin (D:3)
  6 adders
  12 gnolls
  A white imp (D:7)
  A worm (D:2)
  4 dart slugs
  4 orcs
  7 endoplasms
  4 giant cockroaches
  7 goblins
  11 hobgoblins
  3 jackals (D:1)
  8 kobolds
  5 quokkas
  8 ball pythons
  5 bats
  3 frilled lizards
  6 rats
126 creatures vanquished.

Notes
Turn   | Place    | Note
-------+----------+-------------------------------------------
     0 | D:1      | Aggronaut the Minotaur Berserker began the quest for the
                  | Orb.
     0 | D:1      | Reached XP level 1. HP: 19/19 MP: 0/0
    59 | D:1      | Found a faded altar of an unknown god.
    96 | D:1      | Reached XP level 2. HP: 22/27 MP: 1/1
   160 | D:1      | Reached skill level 4 in Axes
   600 | D:1      | Reached XP level 3. HP: 31/33 MP: 2/2
  1120 | D:2      | Reached ** piety under Trog
  1438 | D:2      | Reached XP level 4. HP: 41/41 MP: 3/3
  1920 | D:3      | Found Wigoaczi's Antique Armour Boutique.
  1942 | D:3      | Found Fulov's Armour Shoppe.
  1945 | D:3      | Reached skill level 5 in Axes
  1945 | D:3      | Found Vetwaes's Assorted Antiques.
  1967 | D:3      | Noticed Robin
  1982 | D:3      | Killed Robin
  2024 | D:3      | Bought 2 scrolls labelled QIOCZI LELEVVE for 36 gold pieces
  2024 | D:3      | Bought a scroll labelled DENONE JUSINT for 18 gold pieces
  2194 | D:3      | Found an iron altar of Okawaru.
  2464 | D:3      | Reached XP level 5. HP: 47/47 MP: 4/4
  2481 | D:3      | Found Otof's Armour Shoppe.
  2502 | D:3      | Noticed an ogre
  2506 | D:3      | Killed an ogre
  2507 | D:3      | Reached skill level 6 in Axes
  2667 | D:3      | Found a runed translucent gate.
  2667 | D:3      | Found a runed translucent gate.
  2673 | D:3      | Noticed Heedrag's ghost (amateur MiFi)
  2673 | D:3      | Noticed Heedrag's ghost (novice DEFE)
  2673 | D:3      | Noticed Gargoyl's ghost (amateur GnAK)
  2674 | D:3      | Found a runed translucent gate.
  2687 | D:3      | Killed Heedrag's ghost
  2688 | D:3      | Reached skill level 8 in Axes
  2688 | D:3      | Reached XP level 6. HP: 53/53 MP: 5/5
  2695 | D:3      | Killed Heedrag's ghost
  2696 | D:3      | Reached XP level 7. HP: 60/60 MP: 6/6
  2698 | D:3      | Killed Gargoyl's ghost
  2699 | D:3      | Reached skill level 9 in Axes
  3052 | D:4      | Reached skill level 10 in Axes
  3634 | D:4      | Reached XP level 8. HP: 38/67 MP: 7/7
  3926 | D:4      | Found a sacrificial altar of Ru.
  4012 | D:4      | Reached *** piety under Trog
  4013 | D:4      | Reached skill level 11 in Axes
  4551 | D:5      | Entered Level 5 of the Dungeon
  4621 | D:5      | Found a staircase to the Ecumenical Temple.
  4912 | D:5      | Reached skill level 12 in Axes
  5041 | D:5      | Found a blossoming altar of Fedhas.
  5041 | D:5      | Found a bloodstained altar of Trog.
  5320 | D:3      | Bought a scroll of identify for 36 gold pieces
  5320 | D:3      | Bought a scroll of identify for 36 gold pieces
  5320 | D:3      | Bought a war axe for 63 gold pieces
  5549 | D:6      | You fall into a shaft and drop 2 floors!
  5661 | D:8      | Noticed Maggie
  5673 | D:8      | Killed Maggie
  5674 | D:8      | Reached skill level 13 in Axes
  5674 | D:8      | Reached XP level 9. HP: 72/72 MP: 8/8
  5930 | D:7      | Found a glowing silver altar of Zin.
  6534 | D:7      | Reached skill level 14 in Axes
  6553 | D:7      | Slain by a gnoll

Illustrated notes

Levels and vault maps discovered:
D:1:      giann_forest_graveyard, layout_basic,
          chequers_ecumenical_altar_simple_redux
D:2:      wander_river, layout_loops_ring, minivault_27, dk_noncrumbling_3,
          minmay_tetromino_i2
D:3:      layout_loops_corners, nicolae_overflow_hidden_temple,
          gammafunk_ghost_cemetery, serial_shops, nicolae_shop_stone,
          nicolae_shop_temple_entry_statues_fountains, shop,
          nicolae_shop_statue_plus, uniq_robin
D:4:      layout_rooms, mainiacjoe_overflow_24_doors
D:5:      layout_rooms, gammafunk_temple_overflow_elements,
          minmay_temple_entry_offerings
D:6:      layout_loops_corners, mainiacjoe_overflow_brackets
D:7:      layout_gridville, mainiacjoe_overflow_alcove_1, minmay_misc_feat_roman
D:8:      cheibrodos_wizards_tower, layout_layer_cave,
          kennysheep_generic_room_5, uniq_joseph, uniq_maggie, uniq_grum,
          uniq_pikel

Skill      XL: |  1  2  3  4  5  6  7  8  9 |
---------------+----------------------------+-----
Axes           | 4 5 8 10 13 14 | 14.0
Fighting       | 4 |  4.5
Dodging        | 3 |  3.1
Armour         | 3 |  3.1
Stealth        | |  0.8

Action                   |  1- 3 |  4- 6 |  7- 9 || total
-------------------------+-------+-------+-------++-------
Melee: Hand axe          |    81 |    71 |   140 ||   292
       Headbutt          |    11 |    13 |    42 ||    66
       War axe           |       |       |    49 ||    49
Invok: Berserk           |       |     3 |     5 ||     8
       Trog's Hand       |       |     1 |     1 ||     2
  Use: Scroll            |       |     4 |     6 ||    10
       Potion            |       |       |     1 ||     1
 Stab: Sleeping          |     3 |       |       ||     3
       Distracted        |     1 |       |       ||     1
Armor: Animal skin       |     5 |       |       ||     5
       Ring mail         |    21 |    19 |    26 ||    66
       Plate armour      |       |       |    43 ||    43
       Skin              |       |       |    29 ||    29
Dodge: Dodged            |    62 |    29 |    66 ||   157

Table legend: (Time is in decaauts)
 A = Elapsed time spent in this place.
 B = Non-inter-level travel time spent in this place.
 C = Inter-level travel time spent in this place.
 D = Time resting spent in this place.
 E = Time spent auto-exploring this place.
 F = Levels seen in this place.
 G = Mean time per level.
                   A        B        C        D        E       F      G
               +--------+--------+--------+--------+--------+-----+--------+
         Total |   6597 |   6353 |    244 |   1480 |   3727 |   8 |  824.6 |
       Dungeon |   6597 |   6353 |    244 |   1480 |   3727 |   8 |  824.6 |
               +--------+--------+--------+--------+--------+-----+--------+

Top non-repeatable levels by time:
     D:3: 1456 daAuts
     D:4: 1329 daAuts
     D:1: 1044 daAuts
     D:2: 918 daAuts
     D:7: 806 daAuts
     D:5: 707 daAuts
     D:8: 196 daAuts
     D:6: 138 daAuts
